AoeStats
← PZ|MBalu

Nomad

509182316Analyzed
4v4 RM · 8d ago on Sep 25, 2026· 42m 42s· 8 players
Game mode
Random Map
Map size
231×231
Population
200
Speed
Normal
Resources
Standard
Victory
Conquest
Starting age
Dark Age
Ending age
Imperial Age
RankedLock teamsTeams togetherTeam positionsShared explorationLock speedFull tech treeHidden civsTurbo modeCheats
Victory
Defeat
🇧🇷 Koreans · Brazil
1316
+14
🇩🇪 Italians · Germany
1307
+14
🇫🇷 Persians · France
1281
+15
🇹🇷 Khmer · Türkiye
1279
+15
🇨🇦 Saracens · Canada
1296
-15
🇭🇺 Japanese · Hungary
1286
-15
🇺🇸 Huns · United States
1263
-15
🇭🇺 Varangians · Hungary
1215
-13
old man
PZ|MBalu
6:30 Loom
14:16 Feudal Age
15:01 Double-Bit Axe
19:46 Castle Age
19:21 Fletching
26:38 Ballistics
28:32 Bodkin Arrow
30:48 Wheelbarrow
PZ|SlothKing
10:12 Loom
12:29 Feudal Age
20:28 Castle Age
19:07 Double-Bit Axe
22:03 Medium Warships
32:55 Imperial Age
30:50 Scale Mail Armor
31:01 Forging
30:48 Gold Mining
30:47 Gambesons
31:30 Squires
31:15 Arson
32:15 Forging
33:33 Iron Casting
33:13 Chain Mail Armor
33:17 Horse Collar
35:23 Conscription
37:03 Blast Furnace
36:33 Plate Mail Armor
37:18 Chemistry
37:24 Wheelbarrow
37:15 Town Watch
38:32 Heavy Scorpion
40:41 Plate Mail Armor
Embers1000
14:04 Feudal Age
14:44 Double-Bit Axe
19:15 Castle Age
22:53 Loom
28:58 Bloodlines
30:10 Scale Barding Armor
30:53 Husbandry
38:44 Horse Collar
39:54 Wheelbarrow
42:48 Hand Cart
42:19 Town Watch
DimitryKz
4:34 Loom
11:52 Feudal Age
12:45 Double-Bit Axe
14:04 Fletching
14:38 Fishing Lines
18:23 Castle Age
16:41 Stone Mining
19:00 Gillnets
20:08 Stone Shaft Mining
19:31 Bodkin Arrow
20:14 Bow Saw
22:52 Town Watch
24:18 Horse Collar
26:10 Wheelbarrow
26:13 Gold Mining
29:12 Imperial Age
27:24 Medium Warships
27:29 Padded Archer Armor
29:21 Ballistics
29:19 Leather Archer Armor
29:32 Hand Cart
29:41 Thumb Ring
31:20 Two-Man Saw
31:35 Chemistry
31:11 Conscription
32:46 Masonry
35:16 Town Patrol
34:55 Elite Genoese Crossbowman
36:11 Hoardings
35:39 Heavy Plow
39:25 Crop Rotation
Tabosa
13:30 Feudal Age
12:36 Loom
14:00 Double-Bit Axe
14:37 Gold Mining
15:35 Fishing Lines
21:05 Castle Age
21:08 Stone Mining
22:04 Medium Warships
21:46 Gillnets
22:57 Bow Saw
23:23 Gold Shaft Mining
25:59 Stone Shaft Mining
25:07 Horse Collar
29:11 Wheelbarrow
29:31 Heavy Plow
30:48 Fletching
31:06 Thumb Ring
30:28 Crossbowman
33:09 Hand Cart
33:04 Town Watch
34:37 Ballistics
38:05 Imperial Age
35:51 Scale Mail Armor
36:01 Forging
36:52 Chain Mail Armor
36:32 Bodkin Arrow
38:09 Arbalester
38:15 Elite Fire Lancer
40:06 Chemistry
41:17 Two-Man Saw
42:31 Plate Mail Armor
42:36 Iron Casting
Adrien
5:51 Loom
14:06 Feudal Age
14:48 Double-Bit Axe
23:37 Castle Age
22:26 Fletching
22:36 Padded Archer Armor
23:48 Crossbowman
Exellence
Connection lost

Rejoining the realm…

Still unreachable

The connection could not be restored.

Session expired

The server has moved on; the page needs a fresh start.